 Dungeon Crawl Stone Soup version 0.30-a0-576-g89cddaab80 (webtiles) character file.

Game seed: 5541620062725839760

249 drugrobin the Poker (level 5, 0/31 (42) HPs)
             Began as a Demigod Delver on Dec 31, 2022.
             Slain by Edmund
             ... wielding a +1 flail of draining
              (4 damage)
             ... on level 5 of the Dungeon.
             The game lasted 00:10:45 (3677 turns).

drugrobin the Poker (Demigod Delver)                Turns: 3677, Time: 00:10:46

HP:   0/31 (42)     AC:  6    Str: 17    XL:     5   Next: 56%
MP:   7/7           EV: 10    Int: 12    God:
Gold: 190           SH:  0    Dex: 15    Spells: 4/4 levels left

rFire   + . .      SeeInvis .    b - +0 halberd
rCold   x . .      Faith    .    (shield currently unavailable)
rNeg    . . .      Spirit   .    w - +0 scale mail
rPois   .          Reflect  .    m - +0 hat
rElec   .          Harm     .    (no cloak)
rCorr   .          Rampage  .    (no gloves)
Will    .....                    (no boots)
Stlth   +                        y - amulet of magic regeneration
HPRegen 0.25/turn                p - ring of fire
MPRegen 0.50/turn                (no ring)

@: very heavily drained
A: high MP 1, forlorn, divine attributes
a: no special abilities


You were on level 5 of the Dungeon.
You visited 1 branch of the dungeon, and saw 6 of its levels.

You collected 190 gold pieces.

Inventory:

Hand Weapons
 a - a +0 spear
 b - a +0 halberd (weapon)
Armour
 h - a +1 ring mail of cold resistance
 m - a +0 hat (worn)
 w - a +0 scale mail (worn)
 x - a +0 leather armour
 z - a +0 robe of willpower
Jewellery
 p - a ring of fire (left hand)
 y - an amulet of magic regeneration (around neck)
Wands
 g - a wand of digging (3)
Scrolls
 c - 3 scrolls of fog
 d - 2 scrolls of magic mapping
 i - a scroll of enchant weapon {unknown}
 j - 2 scrolls of amnesia {unknown}
 o - a scroll of noise {unknown}
 q - 2 scrolls of identify {unknown}
 r - a scroll of silence {unknown}
 s - a scroll of fear
 t - 3 scrolls of teleportation {unknown}
 u - a scroll of enchant armour {unknown}
Potions
 e - 4 potions of flight {unknown}
 f - 2 potions of haste
 k - 2 potions of lignification {unknown}
 l - a potion of mutation {unknown}
 n - 2 potions of curing {unknown}
 v - a potion of degeneration {unknown}


   Skills:
 - Level 2.6 Fighting
 + Level 5.7 Polearms
 - Level 1.7 Dodging
 - Level 4.5 Stealth


You had 4 spell levels left.
You didn't know any spells.
Your spell library contained the following spells:

 Spells                   Type           Power      Damage    Failure   Level
 Hailstorm                Conj/Ice       0%         3d3       98%         3
 Ice Form                 Ice/Tmut       0%         N/A       100%        4
 Simulacrum               Ice/Necr       0%         N/A       100%        6


Dungeon Overview and Level Annotations

Branches:
Dungeon (6/15)
 Temple: D:4-7

Annotations:
D:3 Ijyb, Sigmund
D:4 exclusion: ogre, Eustachio
D:5 Edmund
D:6 Dowan, Duvessa


Innate Abilities, Weirdness & Mutations

You have an increased reservoir of magic. (+10% MP)
You shall have no god before yourself.
Your divine heritage dramatically boosts your attributes as you level up.


Message History

Edmund says, "People accused me of being a cutpurse!"
Edmund hits you with a +1 flail of draining.
You feel drained.
Your life force is drained.
Your movement speed is average.
Your attack delay is about 1.2.
Your damage rating with your +0 halberd is about 17 (Base 13 x 117% (Str) x 115% (Skill)).
Unknown command.
Unknown command.
You hit Edmund.
Edmund is heavily wounded.
Edmund hits you with a +1 flail of draining.
You feel drained.
Unknown command.
Unknown command.
You barely miss Edmund.
Edmund is heavily wounded.
Edmund hits you but does no damage.
You feel drained.
Unknown command.
Unknown command.
You hit Edmund.
Edmund is heavily wounded.
Edmund hits you with a +1 flail of draining.
You feel drained.
Unknown command.
Unknown command.
You hit Edmund.
Edmund is heavily wounded.
Edmund hits you with a +1 flail of draining!
You feel drained.
Unknown command.
Unknown command.
Unknown command.
Unknown command.
You slash Edmund!
Edmund is almost dead.
Edmund hits you but does no damage.
You feel drained.
Edmund hits you with a +1 flail of draining!
* * * LOW HITPOINT WARNING * * *
You feel drained.
You die...

#........#....##....#
#........#.....#.....#
#........##...##.....#
#........##...# .....#
#.............#
#.....[.......##
#......>.......#
#..............#
#.....@........#
#.....@.......##
#........##...#
#........##...#
######.............#
##$..##.............#
#...................#
##..................#
#...##......###..###


You could see Edmund.

Vanquished Creatures
  An orc priest (D:4)
  An iguana (D:4)
  Jessica (D:3)
  4 adders (D:2)
  3 gnolls (D:3)
  An ufetubus (D:5)
  2 worms (D:2)
  3 dart slugs
  4 orcs
  9 endoplasms
  6 giant cockroaches
  8 goblins
  6 hobgoblins
  2 jackals
  6 kobolds
  3 quokkas (D:2)
  4 ball pythons
  6 bats
  5 frilled lizards
  5 rats
80 creatures vanquished.

Vanquished Creatures (others)
  A giant cockroach (D:3)
  7 plants (D:3)
8 creatures vanquished.

Grand Total: 88 creatures vanquished

Notes
Turn   | Place    | Note
-------+----------+-------------------------------------------
     0 | D:5      | drugrobin the Demigod Delver began the quest for the Orb.
     0 | D:5      | Reached XP level 1. HP: 18/18 MP: 3/3
    69 | D:6      | Noticed Duvessa
    69 | D:6      | Noticed Dowan
   152 | D:4      | Noticed Eustachio
   211 | D:5      | Reached skill level 2 in Polearms
   350 | D:4      | Noticed an ogre
   363 | D:4      | Noticed an iguana
   539 | D:3      | Noticed Jessica
   586 | D:1      | Reached XP level 2. HP: 25/25 MP: 4/4
   735 | D:1      | Reached skill level 3 in Polearms
  1042 | D:1      | Reached XP level 3. HP: 30/30 MP: 5/5
  1552 | D:2      | Reached skill level 4 in Polearms
  1613 | D:2      | Reached XP level 4. HP: 35/37 MP: 6/6
  2721 | D:3      | Noticed Ijyb
  2872 | D:3      | Noticed Sigmund
  3149 | D:3      | Killed Jessica
  3150 | D:3      | Reached skill level 5 in Polearms
  3150 | D:3      | Reached XP level 5. HP: 42/42 MP: 7/7
  3489 | D:4      | Noticed Edmund
  3677 | D:5      | Slain by Edmund

Illustrated notes

Levels and vault maps discovered:
D:1:      dpeg_arrival_solitude, layout_basic, minmay_ruptured
D:2:      wad_river_or_something, layout_basic,
          hellmonk_ecumenical_altar_heavens_door, minmay_between
D:3:      layout_loops_corners, nicolae_ru_great_annihilating_truth,
          mainiacjoe_overflow_chevrons, minmay_misc_feat_square,
          serial_bayou_ford_a, uniq_jessica, uniq_sigmund, uniq_ijyb
D:4:      layout_basic, fedhas_altar_1, minmay_door_square, uniq_edmund,
          uniq_eustachio
D:5:      layout_gridville, minitemple
D:6:      layout_basic, makhleb_heckhound_becter, minmay_temple_entry_mist,
          minivault_23, uniq_duvessa

Skill      XL: |  1  2  3  4 |
---------------+-------------+-----
Polearms       | 2 3 4 5 |  5.7
Fighting       | |  2.6
Dodging        | |  1.7
Stealth        | |  4.5

Action                   |  1- 3 |  4- 6 || total
-------------------------+-------+-------++-------
Melee: Spear             |   163 |    84 ||   247
       Punch             |     1 |     1 ||     2
       Halberd           |       |    53 ||    53
  Use: Scroll            |     1 |     1 ||     2
 Stab: Sleeping          |    12 |     4 ||    16
       Distracted        |     1 |     1 ||     2
       Paralysed         |       |     1 ||     1
Armor: Ring mail         |    67 |     4 ||    71
       Scale mail        |       |    47 ||    47
Dodge: Dodged            |    77 |    82 ||   159

Table legend: (Time is in decaauts)
 A = Elapsed time spent in this place.
 B = Non-inter-level travel time spent in this place.
 C = Inter-level travel time spent in this place.
 D = Time resting spent in this place.
 E = Time spent auto-exploring this place.
 F = Levels seen in this place.
 G = Mean time per level.
                   A        B        C        D        E       F      G
               +--------+--------+--------+--------+--------+-----+--------+
         Total |   3686 |   3441 |    245 |    482 |   1607 |   6 |  614.3 |
       Dungeon |   3686 |   3441 |    245 |    482 |   1607 |   6 |  614.3 |
               +--------+--------+--------+--------+--------+-----+--------+

Top non-repeatable levels by time:
     D:2: 1272 daAuts
     D:3: 992 daAuts
     D:1: 706 daAuts
     D:5: 369 daAuts
     D:4: 307 daAuts
     D:6: 38 daAuts
